 Dungeon Crawl Stone Soup version 0.18-a0-1782-gb76a692 (webtiles) character file.

6261 namelastname112 the Quickloader (level 10, -21/86 HPs)
             Began as a White Draconian Arcane Marksman on Apr 17, 2016.
             Was a Believer of Dithmenos.
             Demolished by an orc warrior
             ... wielding a +0 war axe
              (31 damage)
             ... in a bailey.
             The game lasted 00:21:37 (11559 turns).

namelastname112 the Quickloader (DrAM)             Turns: 11559, Time: 00:21:38

Health: -21/86     AC: 11    Str: 15    XL:     10   Next: 62%
Magic:  6/10       EV: 15    Int: 15    God:    Dithmenos [**....]
Gold:   529        SH:  0    Dex: 13    Spells: 1 memorised, 10 levels left

rFire  + . .     SeeInvis +     f - +2 whip (elec)
rCold  + + .     Gourm    +     (armour unavailable)
rNeg   . . .     Faith    .     (no shield)
rPois  .         Spirit   .     (helmet restricted)
rElec  .         Dismiss  .     w - +0 cloak
rCorr  .         Reflect  .     q - +0 pair of gloves
SustAt .         Harm     .     e - +1 pair of boots
MR     +....                    y - amulet of the gourmand
Stlth  ++++......               p - ring of protection from magic
                                m - ring of protection from cold

@: very slightly contaminated, wreathed by umbra, somewhat resistant to hostile
enchantments, stealthy
A: breathe frost, unfitting armour, horns 1, see invisible, cold resistance 1,
fire resistance 1, low mp 1, strong 1, wild magic 1, cold-blooded, MP-powered
wands, AC +7
a: Breathe Frost, Shadow Step, Renounce Religion


You were in a bailey.
You worshipped Dithmenos.
Dithmenos was pleased with you.
You were very full.

You visited 2 branches of the dungeon, and saw 11 of its levels.
You also visited: Bailey.

You collected 529 gold pieces.

Inventory:

Hand Weapons
 a - a +1 hand crossbow
 f - a +2 whip of electrocution (weapon)
 G - a +1 dagger of draining
Missiles
 c - 38 bolts
Armour
 e - a +1 pair of boots (worn)
 q - a +0 pair of gloves (worn)
 w - a +0 cloak (worn)
Jewellery
 m - a ring of protection from cold (left hand)
 p - a ring of protection from magic (right hand)
 y - an amulet of the gourmand (around neck)
Wands
 o - a wand of paralysis (0/24)
 H - a wand of paralysis (0/24)
 I - a wand of confusion (20/48)
Scrolls
 n - 3 scrolls of identify
 F - 2 scrolls of remove curse
 K - 2 scrolls of enchant weapon
Potions
 g - a potion of resistance
 h - 2 potions of curing
 i - a potion of agility
 j - 4 potions of flight
 l - a potion of invisibility
 r - 4 potions of degeneration
 s - 2 potions of cancellation
 t - 2 potions of lignification
 B - a potion of cure mutation
 C - a potion of berserk rage
 D - 2 potions of haste
 E - 2 potions of might
Books
 b - a book of Debilitation

   Spells                             Type                      Level
   a - Corona                         Hexes                        1
   b - Slow                           Hexes                        2
   c - Gell's Gravitas                Hexes/Translocation          3
   d - Inner Flame                    Hexes/Fire                   3
   e - Cause Fear                     Hexes                        4
   f - Leda's Liquefaction            Hexes/Earth                  4
 v - a book of Changes

   Spells                             Type                      Level
   a - Beastly Appendage              Transmutation                1
   b - Sticks to Snakes               Transmutation                2
   c - Spider Form                    Transmutation/Poison         3
   d - Ice Form                       Ice/Transmutation            4
   e - Blade Hands                    Transmutation                5
Comestibles
 d - 4 bread rations
 k - 15 fruits
 A - a slice of pizza
 J - a beef jerky


   Skills:
 + Level 7.1 Fighting
 + Level 5.2 Short Blades
 * Level 9.2 Crossbows
 + Level 6.6 Dodging
 + Level 6.5 Stealth
 - Level 1.0 Spellcasting
 - Level 2.6 Hexes


You had 10 spell levels left.
You knew the following spells:

 Your Spells              Type           Power        Failure   Level  Hunger
a - Corona                Hex            ##.....      17%         1    ##.....


Dungeon Overview and Level Annotations

Branches:
Dungeon (10/15)            Temple (1/1) D:7            Lair (0/8) D:9
    Orc (0/2) D:9

Altars:
Ashenzari
Cheibriados
Dithmenos
Elyvilon
Fedhas
Gozag
Kikubaaqudgha
Makhleb
Nemelex Xobeh
Okawaru
Pakellas
Qazlal
Ru
Sif Muna
Trog
Vehumet
Xom
Yredelemnul
Zin
The Shining One

Annotations:
D:9 Joseph


Innate Abilities, Weirdness & Mutations

You can breathe waves of freezing cold.
You can buffet flying creatures when you breathe cold.
Your icy white scales are hard (AC +7).
Your body does not fit into most forms of armour.
Your flesh is cold resistant.
You are cold-blooded and may be slowed by cold attacks.
You have a pair of small horns on your head.
You have supernaturally acute eyesight.
Your flesh is heat resistant.
Your magical capacity is low (-10% MP).
Your muscles are strong. (Str +2)
Your spells are a little harder to cast, but a little more powerful.
You expend magic power (3 MP) to strengthen your wands.


Message History

There is an open gate here.
The orc warrior hits you but does no damage.
You feel yourself slow down.
Evoke which item? (* to show all) (? for menu, Esc to quit)
Zapping:
o - a wand of paralysis {zapped: 12} (will waste charges)
Press: ? - help, Shift-Dir - straight line, f - orc warrior
Aim: an orc warrior, wielding a war axe and wearing a ring mail (umbra, chance to defeat MR: 50%)
The orc warrior resists with some effort.
Evoking this partially-identified wand wasted a few charges.
The orc knight roars a battlecry!
The orc warrior goes into a battle-frenzy!
You now have 6/10 mp.
You hit the orc warrior but do no damage.
The orc warrior hits you with a war axe!!
* * * LOW HITPOINT WARNING * * *
You take 21 damage, and have 3/86 hp.
MASSIVE DAMAGE!!
Drink which item? (? for menu, Esc to quit)
You feel better.
The orc warrior hits you with a war axe!!
You die...

♣♣♣♣♣
♣♣♣♣.♣.♣♣
♣♣♣.....@.♣♣♣
♣.......o...♣
♣♣....∩.....♣
♣..........♣♣
♣....g∩.o...♣
♣♣♣........♣♣
♣...g.o...♣
♣♣##''g##♣♣
##.)...##


You could see an orc knight, an orc warrior, 3 gnolls and an orc.

Vanquished Creatures
  Pikel (D:6)
  An orc knight (Bailey)
  Psyche (D:8)
  A komodo dragon (D:9)
  An efreet (D:8)
  A two-headed ogre (D:8)
  A steam dragon (D:7)
  A hippogriff (D:9)
  3 wargs (D:9)
  Edmund (D:6)
  Duvessa (D:6)
  An ice beast (D:8)
  A sky beast (D:10)
  2 slaves (D:6)
  6 orc warriors
  An eye of draining (D:8)
  A phantom (D:8)
  3 centaurs
  2 ogres
  5 giant frogs
  Blork the orc (D:6)
  Dowan (D:6)
  5 scorpions
  The ghost of epen the Pure, a weakling DsAK of Lugonu (D:4)
  9 wights
  2 howler monkeys (D:9)
  2 crimson imps
  2 giant frog zombies
  A hound (D:7)
  2 orc priests (D:8)
  3 giant frog skeletons
  3 iguanas
  4 orc wizards
  5 worker ants
  A hound zombie (D:6)
  A hound skeleton (D:9)
  A howler monkey zombie (D:4)
  6 gnolls
  A river rat (D:5)
  11 adders
  3 shadow imps
  An adder zombie (D:6)
  An adder skeleton (D:5)
  2 worms
  A dart slug (D:1)
  7 giant geckos
  30 orcs
  A ball python (D:5)
  4 bats
  8 giant cockroaches
  10 hobgoblins
  13 jackals
  4 kobolds
  5 quokkas
  2 giant newts
  18 goblins
  A jackal skeleton (D:6)
  A jackal zombie (D:6)
  2 quokka skeletons
  A quokka zombie (D:8)
  10 rats
222 creatures vanquished.

Vanquished Creatures (others)
  2 jackals (D:6)
  A plant (D:9)
  3 withered plants (D:7)
6 creatures vanquished.

Grand Total: 228 creatures vanquished

Notes
Turn   | Place    | Note
--------------------------------------------------------------
     0 | D:1      | namelastname112 the Draconian Arcane Marksman began the quest for the Orb.
     0 | D:1      | Reached XP level 1. HP: 16/16 MP: 2/2
    89 | D:1      | Reached skill level 2 in Crossbows
   162 | D:1      | Reached XP level 2. HP: 13/23 MP: 3/3
   209 | D:1      | Reached skill level 1 in Stealth
   380 | D:1      | Gained mutation: You have a pair of small horns on your head. [potion of beneficial mutation]
   381 | D:1      | Gained mutation: Your spells are a little harder to cast, but a little more powerful. [potion of beneficial mutation]
   941 | D:2      | Reached XP level 3. HP: 2/28 MP: 4/4
   956 | D:2      | Gained mutation: Your magical capacity is low (-10% MP). [potion of mutation]
   956 | D:2      | Gained mutation: You expend magic power (3 MP) to strengthen your wands. [potion of mutation]
  1881 | D:3      | Noticed a giant frog
  1891 | D:3      | Killed a giant frog
  1891 | D:3      | Reached skill level 3 in Crossbows
  1891 | D:3      | Reached XP level 4. HP: 28/36 MP: 4/4
  2041 | D:3      | Reached XP level 5. HP: 33/42 MP: 5/5
  2411 | D:3      | HP: 2/42 [poisoned by an adder]
  2418 | D:3      | HP: 1/42 [poisoned by an adder]
  2426 | D:3      | HP: 1/42 [poisoned by an adder]
  2898 | D:4      | Noticed epen's ghost (weakling DsAK)
  2927 | D:5      | Entered Level 5 of the Dungeon
  3450 | D:5      | Reached skill level 4 in Crossbows
  3450 | D:5      | Reached XP level 6. HP: 37/51 MP: 6/6
  3642 | D:5      | HP: 1/51 [iguana (15)]
  4583 | D:4      | Found a glowing silver altar of Zin.
  4740 | D:4      | Killed epen's ghost
  4740 | D:4      | Your scales start taking on an icy white colour.
  4740 | D:4      | Reached XP level 7. HP: 46/57 MP: 7/7
  4740 | D:4      | Gained mutation: Your flesh is cold resistant. [White Draconian growth]
  5338 | D:4      | Found a bloodstained altar of Trog.
  5344 | D:4      | Found an iron altar of Okawaru.
  5415 | D:3      | Reached skill level 5 in Crossbows
  5625 | D:6      | Noticed Blork the orc
  5642 | D:6      | Killed Blork the orc
  5772 | D:6      | Noticed Edmund
  5813 | D:6      | Found a radiant altar of Vehumet.
  5823 | D:6      | Noticed Pikel
  5854 | D:5      | Reached skill level 1 in Short Blades
  6383 | D:6      | Killed Pikel
  6383 | D:6      | Reached skill level 6 in Crossbows
  6383 | D:6      | Reached XP level 8. HP: 38/67 MP: 1/8
  6509 | D:6      | Killed Edmund
  6567 | D:6      | Noticed Duvessa
  6625 | D:6      | Noticed Dowan
  6628 | D:6      | Killed Duvessa
  6628 | D:6      | Reached skill level 5 in Fighting
  6634 | D:6      | Killed Dowan
  6918 | D:6      | Found a burning altar of Makhleb.
  6920 | D:6      | Found a glowing golden altar of the Shining One.
  7367 | D:7      | Found a staircase to the Ecumenical Temple.
  7391 | Temple   | Entered the Ecumenical Temple
  7488 | D:7      | Reached skill level 5 in Dodging
  7535 | D:7      | Found an oddly glowing altar of Pakellas.
  7539 | D:7      | Found a basalt altar of Yredelemnul.
  7542 | D:7      | Found a stormy altar of Qazlal.
  7545 | D:7      | Found a shadowy altar of Dithmenos.
  7555 | D:7      | Reached XP level 9. HP: 74/74 MP: 9/9
  7556 | D:7      | Found a sacrificial altar of Ru.
  7572 | D:7      | Became a worshipper of Dithmenos the Shadowed
  7684 | D:7      | Gained mutation: You have supernaturally acute eyesight. [potion of mutation]
  7684 | D:7      | Gained mutation: Your muscles are strong. (Str +2) [potion of mutation]
  7684 | D:7      | Gained mutation: Your flesh is heat resistant. [potion of mutation]
  7802 | D:7      | Reached skill level 7 in Crossbows
  7839 | D:7      | Found a blossoming altar of Fedhas.
  7845 | D:7      | Found an ancient bone altar of Kikubaaqudgha.
  7955 | D:8      | Reached skill level 5 in Stealth
  8086 | D:8      | Found an opulent altar of Gozag.
  8206 | D:8      | Noticed Psyche
  8213 | D:8      | Killed Psyche
  8301 | D:8      | Noticed an efreet
  8310 | D:8      | Killed an efreet
  8310 | D:8      | Reached * piety under Dithmenos
  8338 | D:8      | Reached skill level 8 in Crossbows
  8978 | D:8      | Reached XP level 10. HP: 51/84 MP: 10/10
  9236 | D:9      | Found a blossoming altar of Fedhas.
  9439 | D:9      | Noticed Joseph
  9478 | D:9      | Found a staircase to the Orcish Mines.
 10029 | D:9      | Found a staircase to the Lair.
 10306 | D:9      | Found a blossoming altar of Fedhas.
 10507 | D:10     | Entered Level 10 of the Dungeon
 10536 | D:10     | Noticed a gargoyle
 10697 | D:10     | Found a flagged portal.
 10704 | D:10     | Reached ** piety under Dithmenos
 10716 | Bailey   | Entered a bailey
 10906 | Bailey   | Reached skill level 9 in Crossbows
 11137 | Bailey   | Reached skill level 5 in Short Blades
 11233 | Bailey   | Noticed an orc knight
 11247 | Bailey   | Killed an orc knight
 11452 | Bailey   | Noticed an orc knight
 11493 | Bailey   | Noticed an orc warlord
 11558 | Bailey   | HP: 3/86 [orc warrior/war axe (22)]
 11559 | Bailey   | Demolished by an orc warrior

Vault maps used:
D:1:      roderic_crop_circles_arrival_small
D:2:      first_bread
D:4:      grunt_temple_overflow_bloody_war, overflow_temple_1_default
D:5:      gup_sewer_entry_spiral
D:6:      vehumet_crystals, nicolae_overflow_hidden_temple, uniq_pikel,
          uniq_duvessa, uniq_edmund, uniq_blork_the_orc
D:7:      grunt_temple_overflow_growth_and_decay, grunt_temple_overflow_open,
          minmay_temple_entry_junction2
D:8:      grunt_gozag_breadcrumbs, uniq_psyche
D:9:      cheibrodos_stairvault_heist, david_lair_shrubbed,
          minmay_orc_entry_guard_dogs, hangedman_tree_tricks, fedhas_altar_4,
          uniq_joseph
D:10:     enter_bailey_7, minivault_4
Temple:   nicolae_temple_hex_pool
Bailey:   bailey_axe_minmay_hex_keep, bailey

Skill      XL: |  1  2  3  4  5  6  7  8  9 10 |
---------------+-------------------------------+-----
Crossbows      | 2 3 4 6 8 9 |  9.2
Stealth        | 1 2 3 4 5 6 |  6.5
Dodging        | 2 3 4 5 6 |  6.6
Fighting       | 2 3 4 5 6 7 |  7.1
Short Blades   | 2 3 4 5 |  5.2
Spellcasting   | |  1.0
Hexes          | |  2.6

Action                   |  1- 3 |  4- 6 |  7- 9 | 10-12 || total
-------------------------+-------+-------+-------+-------++-------
Melee: Dagger            |    31 |   249 |   134 |       ||   414
       Tailslap          |     3 |    28 |    33 |    20 ||    84
       Headbutt          |     3 |    46 |    52 |    30 ||   131
       Whip              |       |       |   161 |   150 ||   311
 Fire: Hand crossbow     |    55 |    28 |   157 |    87 ||   327
 Abil: Breathe Frost     |       |       |     8 |     1 ||     9
Evoke: Wand              |       |       |     5 |    12 ||    17
  Use: Scroll            |     7 |     2 |       |    18 ||    27
       Potion            |     4 |     3 |     2 |     3 ||    12
 Stab: Sleeping          |     2 |     4 |     5 |     2 ||    13
       Paralysed         |       |       |     6 |       ||     6
  Eat: Chunk             |     3 |     9 |     7 |    12 ||    31
       Beef jerky        |       |       |     1 |       ||     1
       Meat ration       |       |       |     1 |     1 ||     2
       Pizza             |       |       |     1 |       ||     1
Armor: Skin              |    12 |    92 |   103 |    29 ||   236
Dodge: Dodged            |    43 |   184 |   304 |   173 ||   704
